General information
- name: BNet
- type: Ladder team game (AT/RT)
- host: Battle.net
- saver: noooooobs
map: GnollWood
- players: 4
- length: 12:20
- speed: Fast
- version: 1.24 W3XP
- replay type: Public
» download(76 KB)
Players
team 1 (loser)
Egoist.ru (
green | 108 APM | 1300 actions | 12:01)
2 Archmage
1 Summon Water Elemental
1 Brilliance Aura
1 Mountain King
1 Storm Bolt
» actions
| Assign group hotkey | 43 | |
| Basic commands | 51 | |
| Build / train | 42 | |
| ESC pressed | 2 | |
| Enter build submenu | 14 | |
| Enter hero's abilities submenu | 3 | |
| Right click | 583 | |
| Select / deselect | 199 | |
| Select group hotkey | 303 | |
| Use ability | 60 | |
1300 total
» units
| Peasant | 8 | |
| Footman | 13 | |
| Spell Breaker | 4 | |
25 total
» upgrades
» buildings
| Altar of Kings | 1 | |
| Barracks | 1 | |
| Farm | 8 | |
| Scout Tower | 1 | |
| Keep | 1 | |
| Arcane Tower | 2 | |
| Arcane Vault | 1 | |
| Arcane Sanctum | 2 | |
17 total
» build order
00:09 Altar of Kings
00:19 Barracks
00:35 Farm
00:51 Farm
01:42 Farm
02:06 Scout Tower
03:04 Farm
03:07 Keep
03:15 Arcane Tower
03:16 Arcane Tower
04:00 Farm
04:01 Farm
04:59 Arcane Vault
05:35 Arcane Sanctum
05:55 Arcane Sanctum
06:09 Farm
06:10 Farm
» items
| Scroll of Regeneration | 2 | |
| Rod of Necromancy | 1 | |
3 total
Mpak7D (
yellow | 60 APM | 739 actions | 12:19)
2 Death Knight
1 Death Coil
1 Unholy Aura
1 Lich
1 Frost Nova
» actions
| Assign group hotkey | 11 | |
| Basic commands | 60 | |
| Build / train | 40 | |
| ESC pressed | 1 | |
| Enter build submenu | 10 | |
| Enter hero's abilities submenu | 3 | |
| Give item / drop item | 1 | |
| Right click | 327 | |
| Select / deselect | 115 | |
| Select group hotkey | 124 | |
| Use ability | 47 | |
739 total
» units
| Acolyte | 5 | |
| Ghoul | 4 | |
| Crypt Fiend | 8 | |
17 total
» upgrades
» buildings
| Crypt | 1 | |
| Graveyard | 1 | |
| Altar of Darkness | 1 | |
| Ziggurat | 4 | |
| Tomb of Relics | 1 | |
| Halls of the Dead | 1 | |
| Black Citadel | 1 | |
| Slaughterhouse | 1 | |
| Spirit Tower | 3 | |
| Nerubian Tower | 1 | |
15 total
» build order
00:11 Crypt
00:15 Graveyard
00:43 Altar of Darkness
01:04 Ziggurat
01:28 Ziggurat
02:02 Tomb of Relics
04:23 Halls of the Dead
05:34 Ziggurat
05:59 Ziggurat
06:46 Black Citadel
09:12 Slaughterhouse
09:33 Spirit Tower
09:34 Nerubian Tower
10:37 Spirit Tower
11:45 Spirit Tower
» items
| Rod of Necromancy | 2 | |
| Dust of Appearance | 1 | |
| Potion of Healing | 3 | |
| Scroll of Healing | 2 | |
8 total
team 2 (winner)

»
noooooobs (
purple | 120 APM | 1481 actions | 12:20)
4 Archmage
2 Summon Water Elemental
2 Brilliance Aura
2 Mountain King
1 Storm Bolt
1 Bash
» actions
| Assign group hotkey | 35 | |
| Basic commands | 3 | |
| Build / train | 50 | |
| Enter build submenu | 19 | |
| Enter hero's abilities submenu | 6 | |
| Give item / drop item | 4 | |
| Right click | 479 | |
| Select / deselect | 485 | |
| Select group hotkey | 331 | |
| Use ability | 69 | |
1481 total
» units
| Peasant | 10 | |
| Footman | 6 | |
| Sorceress | 1 | |
| Priest | 3 | |
| Spell Breaker | 7 | |
27 total
» upgrades
» buildings
| Altar of Kings | 1 | |
| Barracks | 1 | |
| Farm | 9 | |
| Scout Tower | 1 | |
| Arcane Tower | 1 | |
| Arcane Vault | 1 | |
| Keep | 2 | |
| Arcane Sanctum | 2 | |
| Town Hall | 1 | |
19 total
» build order
00:06 Altar of Kings
00:20 Barracks
00:34 Farm
00:49 Farm
01:49 Scout Tower
02:16 Farm
02:17 Arcane Tower
02:49 Arcane Vault
04:01 Keep
04:01 Keep
04:29 Farm
05:11 Farm
05:13 Farm
06:25 Arcane Sanctum
06:28 Arcane Sanctum
07:10 Town Hall
11:15 Farm
11:15 Farm
11:15 Farm
» items
| Scroll of Regeneration | 2 | |
| Lesser Clarity Potion | 1 | |
| Boots of Speed | 1 | |
| Scroll of Town Portal | 1 | |
| Scroll of Healing | 1 | |
| Potion of Lesser Invulnerability | 1 | |
| Scroll of Protection | 1 | |
8 total
OnlyFun (
orange | 179 APM | 2212 actions | 12:19)
4 Death Knight
2 Death Coil
2 Unholy Aura
2 Lich
1 Frost Nova
1 Frost Armor
1 Crypt Lord
1 Impale
» actions
| Assign group hotkey | 218 | |
| Basic commands | 154 | |
| Build / train | 53 | |
| ESC pressed | 1 | |
| Enter build submenu | 12 | |
| Enter hero's abilities submenu | 7 | |
| Right click | 767 | |
| Select / deselect | 204 | |
| Select group hotkey | 710 | |
| Use ability | 86 | |
2212 total
» units
| Acolyte | 2 | |
| Ghoul | 2 | |
| Crypt Fiend | 9 | |
| Obsidian Statue | 2 | |
| Gargoyle | 1 | |
16 total
» upgrades
| Creature Attack | 1 | |
| Burrow | 1 | |
| Web | 1 | |
3 total
» buildings
| Crypt | 1 | |
| Graveyard | 1 | |
| Altar of Darkness | 2 | |
| Ziggurat | 4 | |
| Tomb of Relics | 1 | |
| Halls of the Dead | 1 | |
| Black Citadel | 1 | |
| Slaughterhouse | 1 | |
| Spirit Tower | 1 | |
13 total
» build order
00:05 Crypt
00:16 Graveyard
00:41 Altar of Darkness
00:58 Ziggurat
01:24 Tomb of Relics
02:02 Ziggurat
03:21 Halls of the Dead
03:55 Ziggurat
05:50 Black Citadel
06:42 Slaughterhouse
06:57 Ziggurat
07:24 Spirit Tower
07:37 Altar of Darkness
» items
| Rod of Necromancy | 1 | |
| Dust of Appearance | 1 | |
| Scroll of Town Portal | 1 | |
| Orb of Corruption | 1 | |
4 total
Chat log
(00:07 / Allies) OnlyFun: their race ?
(00:11 / Allies) noooooobs: hum
(00:12 / Allies) noooooobs: elf?
(00:14 / Allies) noooooobs: dunno
(00:18 / Allies) OnlyFun: hmm
(00:27 / Allies) OnlyFun: i 4hould go late fiend4 but oo late :p
(01:01 / Allies) OnlyFun: scout pls
(01:53 / Allies) OnlyFun: where u creep first ?
(01:56 / Allies) OnlyFun: here ?
(01:59 / Allies) OnlyFun: hu
(02:07 / Allies) noooooobs: y
(02:20 / Allies) OnlyFun: care
(03:29 / Allies) OnlyFun: ud
(04:28 / Allies) OnlyFun: together
(04:35 / Allies) noooooobs: omw
(05:38 / Allies) noooooobs: i get exe
(05:41 / Allies) noooooobs: or there
(05:42 / Allies) OnlyFun: l
(07:23 / Allies) noooooobs: go tp
(09:27 / Allies) OnlyFun: rofl i did agarg
(09:30 / Allies) OnlyFun: dunno why :p
(11:53 / Allies) noooooobs: ?
(11:55 / All) OnlyFun: gg
(12:18 / All) Mpak7D: GG